 Dungeon Crawl Stone Soup version 0.31-a0-831-g143b1e81fc (webtiles) character file.

Game seed: 6230421622421731137

288 ipx the Twirler (level 6, -9/30 HPs)
             Began as a Vine Stalker Gladiator on Sept 24, 2023.
             Was an Initiate of Okawaru.
             Mangled by an ogre
             ... wielding a +0 giant spiked club
              (15 damage)
             ... on level 6 of the Dungeon.
             The game lasted 00:18:59 (1558 turns).

ipx the Twirler (Vine Stalker Gladiator)            Turns: 1558, Time: 00:19:00

Health: -9/30      AC:  7    Str: 18    XL:     6   Next: 31%
Magic:  0/7        EV: 11    Int:  8    God:    Okawaru [......]
Gold:   18         SH:  0    Dex: 16    Spells: 5/5 levels left

rFire   . . .        a - +0 quarterstaff
rCold   . . .        (shield currently unavailable)
rNeg    . . .        l - +0 ring mail
rPois   .            c - +0 helmet
rElec   .            (no cloak)
rCorr   .            (no gloves)
SInv    +            p - +0 pair of boots
Will    .....        (no amulet)
Stlth   +            v - ring of see invisible
HPRegen 1.05/turn    (no ring)
MPRegen 0.10/turn

%: guardian spirit
@: no status effects
A: fangs 2, regeneration 1, magic shield, antimagic bite, no potion heal 2
a: Renounce Religion


You were on level 6 of the Dungeon.
You worshipped Okawaru.
Okawaru was noncommittal.
You visited 2 branches of the dungeon, and saw 7 of its levels.

You collected 150 gold pieces.
You spent 132 gold pieces at shops.

Inventory:

Hand Weapons
 a - a +0 quarterstaff (weapon)
Missiles
 d - 3 throwing nets
 e - a javelin
 t - 2 poisoned darts (quivered)
Armour
 c - a +0 helmet (worn)
 l - a +0 ring mail (worn)
 p - a +0 pair of boots (worn)
Jewellery
 v - a ring of see invisible (left hand)
Scrolls
 b - a scroll of identify {unknown}
 g - a scroll of fog {unknown}
 i - a scroll of amnesia {unknown}
 j - a scroll of poison {unknown}
Potions
 f - a potion of lignification {unknown}
 k - 2 potions of brilliance {unknown}
 m - a potion of attraction {unknown}
 n - 2 potions of degeneration
 o - 2 potions of cancellation {unknown}
 q - a potion of heal wounds {unknown}
 r - a potion of haste {unknown}
 s - a potion of invisibility {unknown}
 u - a potion of enlightenment {unknown}
 w - a potion of magic {unknown}
 x - a potion of berserk rage
 z - 2 potions of curing


   Skills:
 - Level 1.7 Fighting
 + Level 5.8 Staves
 - Level 1.7 Throwing
 - Level 2.4 Dodging
 - Level 2.0 Evocations


You had 5 spell levels left.
You didn't know any spells.
Your spell library contained the following spells:

 Spells                   Type           Power      Damage    Failure   Level
 Slow                     Hex            0%         N/A       61%         1
 Cigotuvi's Dreadful Rot  Necr/Pois/Air  0%         N/A       75%         2
 Confusing Touch          Hex            0%         N/A       93%         3
 Ignite Poison            Fire/Tmut/Pois 0%         N/A       93%         3
 Sigil of Binding         Hex            0%         N/A       93%         3
 Vampiric Draining        Necr           0%         2d6       93%         3
 Dimensional Bullseye     Hex/Tloc       0%         N/A       100%        4
 Iskenderun's Mystic Bla  Conj/Tloc      0%         2d3       100%        4
 Freezing Cloud           Conj/Ice/Air   0%         6-21      100%        5
 Tukima's Dance           Hex            Unusable   N/A       N/A         3

Dungeon Overview and Level Annotations

Branches:
Dungeon (6/15)             Temple (1/1) D:5

Altars:
Cheibriados
Dithmenos
Fedhas
Gozag
Kikubaaqudgha
Nemelex Xobeh
Okawaru
Ru
Sif Muna
Trog
Vehumet
Wu Jian
Xom
Yredelemnul
The Shining One

Shops:
D:6 !


Innate Abilities, Weirdness & Mutations

You have extremely sharp teeth.
Your natural rate of healing is unusually fast.
When hurt, damage is shared between your health and your magic reserves.
Your bite disrupts and absorbs the magic of your enemies.
Potions cannot restore your health.


Message History

The ogre shouts!
Press: ? - help, v - describe, . - travel
Here: an ogre, wielding a +0 giant spiked club The floor.
Unknown command.
There is an entrance to Qoisk's Distillery here.
Aiming: Fastroot
Press: ? - help, Shift-Dir - straight line, f - ogre
Aim: an ogre, wielding a +0 giant spiked club The roots erupt in riotous growth!
Roots grab the ogre.
The grasping roots constrict the ogre.
The ogre escapes!
Aiming: Fastroot
Press: ? - help, Shift-Dir - straight line, f/p - ogre
Aim: an ogre, wielding a +0 giant spiked club (lightly wounded)
The roots erupt in riotous growth!
Roots grab the ogre.
The now-empty wand crumbles to dust.
The grasping roots constrict the ogre.
The ogre struggles to escape constriction.
Throw: 4 darts (poison)
Press: ? - help, Q - select action, (/) - cycle Shift-Dir - straight line, f/p - ogre
Aim: an ogre, wielding a +0 giant spiked club (moderately wounded, constricted by roots, 93% to hit)
You throw a poisoned dart. The poisoned dart hits the ogre.
The ogre is poisoned.
The ogre is moderately wounded.
The grasping roots constrict the ogre!
The ogre escapes!
Throw: 3 darts (poison)
Press: ? - help, Q - select action, (/) - cycle Shift-Dir - straight line, f/p - ogre
Aim: an ogre, wielding a +0 giant spiked club (severely wounded, poisoned, 72% to hit)
You throw a poisoned dart.
The poisoned dart completely misses the ogre.
You hit the ogre.
The ogre is severely wounded.
The ogre hits you with a +0 giant spiked club!!
Ouch! That really hurt!
* * * LOW HITPOINT WARNING * * *
The ogre attacks as it pursues you!
The ogre hits you with a +0 giant spiked club!
Ouch! That really hurt!
You die...

....#.. ....#.. #+
....l# #### .### .O...#
... .)# .....# #.###.#
.....##
###...#.########.......
........@O.∩(..........
####.#.########.#.####
##.#.# .# #....# .#
#.<### .# #.## .# #. .#
## ##


You could see an ogre (poisoned).

Vanquished Creatures
  2 ogres (D:5)
  2 sleepcaps (D:5)
  3 adders (D:5)
  4 dart slugs
  4 orcs (D:5)
  A bat (D:2)
  3 endoplasms
  3 giant cockroaches (D:1)
  4 hobgoblins
  3 jackals (D:1)
  3 quokkas
  4 ball pythons
  3 frilled lizards (D:1)
  A goblin (D:2)
  4 kobolds
  2 rats
46 creatures vanquished.

Notes
Turn   | Place    | Note
-------+----------+-------------------------------------------
     0 | D:1      | ipx the Vine Stalker Gladiator began the quest for the Orb.
     0 | D:1      | Reached XP level 1. HP: 11/11 MP: 2/2
   130 | D:1      | Reached skill level 3 in Staves
   230 | D:1      | Reached XP level 2. HP: 15/15 MP: 3/3
   527 | D:1      | Reached XP level 3. HP: 11/18 MP: 2/4
   838 | D:2      | Reached skill level 4 in Staves
  1133 | D:5      | Entered Level 5 of the Dungeon
  1170 | D:5      | Noticed an ogre
  1175 | D:5      | Killed an ogre
  1176 | D:5      | Reached skill level 5 in Staves
  1176 | D:5      | Reached XP level 4. HP: 23/23 MP: 5/5
  1176 | D:5      | Reached XP level 5. HP: 26/26 MP: 6/6
  1180 | D:5      | Found a blossoming altar of Fedhas.
  1198 | D:5      | Found a staircase to the Ecumenical Temple.
  1199 | D:5      | Noticed an ogre
  1220 | D:5      | Killed an ogre
  1221 | D:5      | Reached skill level 1 in Evocations
  1239 | Temple   | Entered the Ecumenical Temple
  1248 | Temple   | Became a worshipper of Warmaster Okawaru
  1358 | D:5      | Reached XP level 6. HP: 14/30 MP: 4/7
  1538 | D:6      | Found Qoisk's Distillery.
  1543 | D:6      | Bought a potion of berserk rage for 55 gold pieces
  1543 | D:6      | Bought a potion of curing for 33 gold pieces
  1543 | D:6      | Bought a potion of curing for 33 gold pieces
  1543 | D:6      | Bought a potion of degeneration for 11 gold pieces
  1558 | D:6      | Mangled by an ogre

Illustrated notes

Levels and vault maps discovered:
D:1:      beargit_arrival_diablo_church, layout_loops_corners,
          minmay_tromino_v4_b
D:2:      layout_loops_cross, chequers_serial_rivers_micro_c,
          grunt_decor_clamped
D:3:      layout_loops_ring, serial_shops, nicolae_shop_statue_plus,
          serial_aquarium, aquarium_bridge_square [aquarium_subvault_window,
          aquarium_subvault_wall, aquarium_subvault_wall,
          aquarium_subvault_bridge], aquarium_window_1,
          aquarium_window_corridor_3, aquarium_window_fake, aquarium_window_2,
          aquarium_view_2d, aquarium_view_2f, aquarium_pool_five,
          minmay_increasing_density
D:4:      layout_loops_ring, nicolae_figureground_pulse
D:5:      layout_basic, lemuel_tele_altar, lemuel_coloured_pillars_altar,
          mainiacjoe_overflow_alcove_1, minmay_temple_entry_tees
D:6:      layout_basic, serial_shops, shop
Temple:   compressed_dpeg_circular_temple

Skill      XL: |  1  2  3  4  5  6 |
---------------+-------------------+-----
Staves         | 3 5 |  5.8
Evocations     | 1 2 |  2.0
Fighting       | |  1.7
Throwing       | |  1.7
Dodging        | |  2.4

Action                     |  1- 3 |  4- 6 || total
---------------------------+-------+-------++-------
  Melee: Quarterstaff      |    78 |    32 ||   110
         Bite              |    16 |    10 ||    26
   Fire: Sling             |     9 |       ||     9
  Throw: Throwing net      |       |     1 ||     1
         Dart              |       |     2 ||     2
  Evoke: Wand              |     2 |     5 ||     7
    Use: Scroll            |     2 |       ||     2
   Stab: Sleeping          |     2 |       ||     2
 Armour: Leather armour    |    19 |       ||    19
         Ring mail         |    18 |    23 ||    41
  Dodge: Dodged            |    38 |    14 ||    52

Table legend: (Time is in decaauts)
 A = Elapsed time spent in this place.
 B = Non-inter-level travel time spent in this place.
 C = Inter-level travel time spent in this place.
 D = Time resting spent in this place.
 E = Time spent auto-exploring this place.
 F = Levels seen in this place.
 G = Mean time per level.
                   A        B        C        D        E       F      G
               +--------+--------+--------+--------+--------+-----+--------+
         Total |   1569 |   1399 |    170 |      0 |      0 |   7 |  224.1 |
       Dungeon |   1550 |   1396 |    154 |      0 |      0 |   6 |  258.3 |
        Temple |     18 |      2 |     16 |      0 |      0 |   1 |   18.0 |
               +--------+--------+--------+--------+--------+-----+--------+

Top non-repeatable levels by time:
     D:1: 826 daAuts
     D:5: 238 daAuts
     D:2: 209 daAuts
     D:4: 138 daAuts
     D:3: 113 daAuts
     D:6: 25 daAuts
  Temple: 18 daAuts
